TOP OF THE 1ST |
Toronto Blue Jays batting - Pitching for Boston Red Sox : LHP Victor Rose
|
Pitching: LHP Victor Rose
|
|
Batting: LHB Sheldon Mallory
|
0-0: Called Strike 0-1: Swinging Strike 0-2: Ball 1-2: Strikes out swinging
|
Batting: RHB Jose Gonzalez
|
0-0: Swinging Strike 0-1: Ball 1-1: Fly out, F9 (Flyball, 9D, EV 93.1 MPH)
|
Batting: RHB Andres Galarraga
|
0-0: Ball 1-0: Called Strike 1-1: Ball 2-1: Swinging Strike 2-2: Foul Ball, location: 2F 2-2: Strikes out swinging
|
Top of the 1st over - 0 runs, 0 hits, 0 errors, 0 left on base; Toronto 0 - Boston 0 |
BOTTOM OF THE 1ST |
Boston Red Sox batting - Pitching for Toronto Blue Jays : LHP Tom Deidel
|
Pitching: LHP Tom Deidel
|
|
Batting: LHB Claudell Washington
|
0-0: Bunt missed! 0-1: Called Strike 0-2: Strikes out swinging
|
Batting: SHB Albert Hall
|
0-0: Called Strike 0-1: Fly out, F9 (Flyball, 89S, EV 88.8 MPH)
|
Batting: LHB George Brett
|
0-0: Called Strike 0-1: Ball 1-1: Foul Ball, location: 2F 1-2: Ball 2-2: Foul Ball, location: 2F 2-2: Ball 3-2: Ground out 4-3 (Groundball, 4, EV 90.6 MPH)
|
Bottom of the 1st over - 0 runs, 0 hits, 0 errors, 0 left on base; Toronto 0 - Boston 0 |
TOP OF THE 2ND |
Toronto Blue Jays batting - Pitching for Boston Red Sox : LHP Victor Rose
|
Batting: RHB Hubie Brooks
|
0-0: SOLO HOME RUN (Flyball, 7D, EV 108.8 MPH), Distance : 398 ft
|
Batting: RHB Fritzie Connally
|
0-0: Ball 1-0: Foul Ball, location: 2F 1-1: Ball 2-1: Ball 3-1: Base on Balls
|
Batting: RHB Cal Ripken
|
0-0: Foul Ball, location: 2F 0-1: Foul Ball, location: 2F 0-2: Fly out, F8 (Line Drive, 8LD, EV 89.4 MPH)
|
Batting: RHB Juan Monasterio
|
0-0: Grounds into double play, 5-4-3 (Groundball, 5, EV 82.5 MPH)
|
Top of the 2nd over - 1 run, 1 hit, 0 errors, 0 left on base; Toronto 1 - Boston 0 |
BOTTOM OF THE 2ND |
Boston Red Sox batting - Pitching for Toronto Blue Jays : LHP Tom Deidel
|
Batting: RHB Jeff Burroughs
|
0-0: Foul Ball, location: 2F 0-1: Foul Ball, location: 2F 0-2: Foul Ball, location: 2F 0-2: Ball 1-2: Strikes out swinging
|
Batting: LHB Willie Aikens
|
0-0: Called Strike 0-1: Ball 1-1: Ball 2-1: Foul Ball, location: 2F 2-2: SINGLE (Flyball, 34D, EV 91.3 MPH)
|
Batting: SHB Dave Collins
|
0-0: Ball 1-0: Ball 2-0: Swinging Strike 2-1: Called Strike 2-2: Ball 3-2: Base on Balls Willie Aikens to second
|
Batting: RHB Kevin Klettke
|
0-0: Called Strike 0-1: Ball 1-1: Foul Ball, location: 2F 1-2: Ball 2-2: Ball 3-2: Base on Balls Willie Aikens to third Dave Collins to second
|
Batting: SHB Scotti Madison
|
0-0: Ball Passed Ball! Willie Aikens scores Dave Collins to third Kevin Klettke to second 1-0: Reached via error on a dropped throw from 1B, E1 (Groundball, 34S, EV 71.9 MPH) Dave Collins scores Kevin Klettke to third
|
Batting: SHB Nelson Norman
|
0-0: Reached via error on a dropped throw from 2B, E6 (Groundball, 4M, EV 92.5 MPH) Kevin Klettke scores Scotti Madison to second
|
Batting: LHB Claudell Washington
|
0-0: Called Strike 0-1: Ball 1-1: SINGLE (Flyball, 8RS, EV 91.3 MPH) Scotti Madison to third Nelson Norman to second Runner from 3rd tries for Home, SAFE, throw by CF to home
|
Batting: SHB Albert Hall
|
0-0: Ball 1-0: Ball 2-0: Ball 3-0: Called Strike 3-1: Base on Balls Nelson Norman to third Claudell Washington to second
|
Batting: LHB George Brett
|
0-0: Called Strike 0-1: Ball 1-1: Foul Ball, location: 2F 1-2: Foul Ball, location: 2F 1-2: Foul Ball, location: 2F 1-2: Ball 2-2: Fly out, F7 (Flyball, 78D, EV 85.6 MPH) Runner from 3rd tags up, SCORES, throw by LF
|
Batting: RHB Jeff Burroughs
|
0-0: Foul Ball, location: 2F 0-1: Swinging Strike 0-2: Strikes out looking
|
Bottom of the 2nd over - 5 runs, 2 hits, 2 errors, 2 left on base; Toronto 1 - Boston 5 |
TOP OF THE 3RD |
Toronto Blue Jays batting - Pitching for Boston Red Sox : LHP Victor Rose
|
Batting: RHB Alex Villalobos
|
0-0: Called Strike 0-1: Fly out, F9 (Flyball, 9D, EV 105.6 MPH)
|
Batting: LHB Manny Leal
|
0-0: Ball 1-0: Called Strike 1-1: Ball 2-1: SINGLE (Groundball, 25, EV 69.4 MPH) (infield hit)
|
Batting: LHB Sheldon Mallory
|
0-0: Ball 1-0: Ball 2-0: Ball 3-0: Called Strike 3-1: SINGLE (Groundball, 4MD, EV 95.0 MPH) Manny Leal to second Runner from 2nd tries for 3rd, SAFE, no throw by CF
|
Batting: RHB Jose Gonzalez
|
0-0: Called Strike 0-1: Ball 1-1: Ball 2-1: Ball Sheldon Mallory steals 2nd base 3-1: Called Strike 3-2: DOUBLE (Flyball, 89D, EV 95.0 MPH) Manny Leal scores Sheldon Mallory scores
|
Batting: RHB Andres Galarraga
|
0-0: Called Strike 0-1: Foul Ball, location: 2F 0-2: Ball 1-2: Ball 2-2: Strikes out looking
|
Batting: RHB Hubie Brooks
|
0-0: Ball 1-0: DOUBLE (Line Drive, 78D, EV 101.3 MPH) Jose Gonzalez scores
|
Batting: RHB Fritzie Connally
|
0-0: Ball 1-0: Called Strike 1-1: Swinging Strike 1-2: Foul Ball, location: 2F 1-2: Foul Ball, location: 2F 1-2: Strikes out swinging
|
Top of the 3rd over - 3 runs, 4 hits, 0 errors, 1 left on base; Toronto 4 - Boston 5 |
BOTTOM OF THE 3RD |
Boston Red Sox batting - Pitching for Toronto Blue Jays : LHP Tom Deidel
|
Batting: LHB Willie Aikens
|
0-0: SOLO HOME RUN (Flyball, 9D, EV 93.1 MPH), Distance : 409 ft
|
Batting: SHB Dave Collins
|
0-0: Swinging Strike 0-1: Ground out 6-3 (Groundball, 6, EV 101.9 MPH)
|
Batting: RHB Kevin Klettke
|
0-0: Ball 1-0: Foul Ball, location: 2F 1-1: Swinging Strike 1-2: Ball 2-2: Foul Ball, location: 2F 2-2: Strikes out looking
|
Batting: SHB Scotti Madison
|
0-0: Ball 1-0: Called Strike 1-1: Foul Ball, location: 2F 1-2: Ground out 5-3 (Groundball, 56S, EV 78.8 MPH)
|
Bottom of the 3rd over - 1 run, 1 hit, 0 errors, 0 left on base; Toronto 4 - Boston 6 |
TOP OF THE 4TH |
Toronto Blue Jays batting - Pitching for Boston Red Sox : LHP Victor Rose
|
Batting: RHB Cal Ripken
|
0-0: Ball 1-0: Ball 2-0: Called Strike 2-1: Ball 3-1: Foul Ball, location: 2F 3-2: Base on Balls
|
Batting: RHB Juan Monasterio
|
Balk! Cal Ripken to second 0-0: Fly out, F6 (Flyball, 6MD, EV 91.9 MPH)
|
Batting: RHB Alex Villalobos
|
0-0: Foul Ball, location: 2F 0-1: Ground out 5-3 (Groundball, 56, EV 80.6 MPH)
|
Batting: LHB Manny Leal
|
0-0: Called Strike 0-1: Ball 1-1: Ball 2-1: Reached on error, E6 (Groundball, 6S, EV 81.3 MPH) Cal Ripken to third
|
Batting: LHB Sheldon Mallory
|
0-0: Ball 1-0: Ball 2-0: Ball 3-0: Base on Balls Manny Leal to second
|
Batting: RHB Jose Gonzalez
|
0-0: Called Strike 0-1: Ball 1-1: Foul Ball, location: 2F 1-2: Ball 2-2: Strikes out swinging
|
Top of the 4th over - 0 runs, 0 hits, 1 error, 3 left on base; Toronto 4 - Boston 6 |
BOTTOM OF THE 4TH |
Boston Red Sox batting - Pitching for Toronto Blue Jays : LHP Tom Deidel
|
Batting: SHB Nelson Norman
|
0-0: Ball 1-0: Called Strike 1-1: DOUBLE (Line Drive, 5D, EV 99.4 MPH)
|
Batting: LHB Claudell Washington
|
0-0: Ball 1-0: Foul Ball, location: 2F 1-1: Called Strike 1-2: Foul Ball, location: 2F 1-2: Strikes out looking
|
Batting: SHB Albert Hall
|
0-0: Called Strike 0-1: Swinging Strike 0-2: Ball 1-2: Foul Ball, location: 2F 1-2: Strikes out swinging
|
Batting: LHB George Brett
|
0-0: Ball 1-0: Ball 2-0: Ball 3-0: Ground out 4-3 (Groundball, 4, EV 92.5 MPH)
|
Bottom of the 4th over - 0 runs, 1 hit, 0 errors, 1 left on base; Toronto 4 - Boston 6 |
TOP OF THE 5TH |
Toronto Blue Jays batting - Pitching for Boston Red Sox : LHP Victor Rose
|
Batting: RHB Andres Galarraga
|
0-0: Called Strike 0-1: Foul Ball, location: 2F 0-2: Ball 1-2: Ball 2-2: Foul Ball, location: 2F 2-2: Strikes out swinging
|
Batting: RHB Hubie Brooks
|
0-0: Ball 1-0: SINGLE (Line Drive, 6D, EV 98.8 MPH)
|
Batting: RHB Fritzie Connally
|
0-0: Ball 1-0: Ball 2-0: Ball 3-0: Called Strike 3-1: Foul Ball, location: 2F 3-2: Foul Ball, location: 2F 3-2: Foul Ball, location: 2F 3-2: Strikes out looking
|
Batting: RHB Cal Ripken
|
0-0: Foul Ball, location: 2F 0-1: Foul Ball, location: 2F 0-2: Ball Hubie Brooks steals 2nd base 1-2: Foul Ball, location: 2F 1-2: Ball 2-2: Ball 3-2: Foul Ball, location: 2F 3-2: Fly out, F8 (Flyball, 8RXD, EV 88.8 MPH)
|
Top of the 5th over - 0 runs, 1 hit, 0 errors, 1 left on base; Toronto 4 - Boston 6 |
BOTTOM OF THE 5TH |
Boston Red Sox batting - Pitching for Toronto Blue Jays : LHP Tom Deidel
|
Batting: RHB Jeff Burroughs
|
0-0: Ball 1-0: Called Strike 1-1: Ball 2-1: Ball 3-1: Base on Balls
|
Batting: LHB Willie Aikens
|
0-0: Ball 1-0: Called Strike 1-1: Ball 2-1: Swinging Strike 2-2: Foul Ball, location: 2F 2-2: Foul Ball, location: 2F 2-2: Ball 3-2: SINGLE (Groundball, 4D, EV 93.8 MPH) Jeff Burroughs to second Runner from 2nd tries for 3rd, SAFE, no throw by RF
|
Pitching: RHP Armando Guzman
|
|
Batting: SHB Dave Collins
|
0-0: Ball 1-0: Ball 2-0: DOUBLE (Line Drive, 78M, EV 111.3 MPH) Jeff Burroughs scores Willie Aikens to third Runner from 3rd tries for Home, SAFE, throw by CF to home
|
Batting: RHB Kevin Klettke
|
0-0: Ball 1-0: Foul Ball, location: 2F 1-1: Called Strike Dave Collins steals 3rd, throwing error, E2 Dave Collins scores 1-2: Foul Ball, location: 2F 1-2: Ball 2-2: Foul Ball, location: 2F 2-2: Foul Ball, location: 2F 2-2: Ball 3-2: SOLO HOME RUN (Flyball, 7D, EV 86.9 MPH), Distance : 403 ft
|
Batting: SHB Scotti Madison
|
0-0: Ball 1-0: Ball 2-0: Called Strike 2-1: Ground out U3 (Groundball, 3L, EV 106.3 MPH)
|
Batting: SHB Nelson Norman
|
0-0: Ball 1-0: Ball 2-0: Called Strike 2-1: Ball 3-1: Foul Ball, location: 2F 3-2: Foul Ball, location: 2F 3-2: Foul Ball, location: 2F 3-2: Base on Balls
|
Batting: LHB Claudell Washington
|
0-0: Swinging Strike 0-1: Called Strike 0-2: Ball 1-2: Ball 2-2: Foul Ball, location: 2F 2-2: Ball 3-2: Strikes out swinging Nelson Norman is caught stealing 2nd base 2-6 Batter strikes out.
|
Bottom of the 5th over - 4 runs, 3 hits, 1 error, 0 left on base; Toronto 4 - Boston 10 |
TOP OF THE 6TH |
Toronto Blue Jays batting - Pitching for Boston Red Sox : LHP Victor Rose
|
Batting: RHB Juan Monasterio
|
0-0: Ball 1-0: Foul Ball, location: 2F 1-1: Swinging Strike 1-2: Strikes out looking
|
Batting: RHB Alex Villalobos
|
0-0: Ball 1-0: Ball 2-0: SINGLE (Flyball, 8LS, EV 97.5 MPH)
|
Batting: LHB Manny Leal
|
0-0: Ball 1-0: Ball 2-0: SINGLE (Line Drive, 9S, EV 110.0 MPH) Alex Villalobos to second
|
Batting: LHB Sheldon Mallory
|
0-0: Called Strike 0-1: Fielders Choice at 2nd, 4-6 (Groundball, 4, EV 89.4 MPH) Alex Villalobos to third
|
Batting: RHB Jose Gonzalez
|
0-0: Ball 1-0: Ball 2-0: Called Strike 2-1: Fly out, F3 (Popup, 3F, EV 78.1 MPH)
|
Top of the 6th over - 0 runs, 2 hits, 0 errors, 2 left on base; Toronto 4 - Boston 10 |
BOTTOM OF THE 6TH |
Boston Red Sox batting - Pitching for Toronto Blue Jays : RHP Armando Guzman
|
Batting: SHB Albert Hall
|
0-0: Foul Ball, location: 2F 0-1: Ball 1-1: Swinging Strike 1-2: Strikes out swinging
|
Batting: LHB George Brett
|
0-0: Called Strike 0-1: Fly out, F8 (Flyball, 89S, EV 83.8 MPH)
|
Batting: RHB Jeff Burroughs
|
0-0: Called Strike 0-1: SOLO HOME RUN (Flyball, 7D, EV 94.4 MPH), Distance : 420 ft
|
Batting: LHB Willie Aikens
|
0-0: Foul Ball, location: 2F 0-1: Foul Ball, location: 2F 0-2: Ground out 2-3 (Groundball, 15S, EV 67.5 MPH)
|
Bottom of the 6th over - 1 run, 1 hit, 0 errors, 0 left on base; Toronto 4 - Boston 11 |
TOP OF THE 7TH |
Toronto Blue Jays batting - Pitching for Boston Red Sox : LHP Victor Rose
|
Batting: RHB Andres Galarraga
|
0-0: Foul Ball, location: 2F 0-1: Ground out 5-3 (Groundball, 56, EV 105.0 MPH)
|
Batting: RHB Hubie Brooks
|
0-0: Ball 1-0: Swinging Strike 1-1: Foul Ball, location: 2F 1-2: Strikes out swinging
|
Batting: RHB Fritzie Connally
|
0-0: Ground out 6-3 (Groundball, 56, EV 81.3 MPH)
|
Top of the 7th over - 0 runs, 0 hits, 0 errors, 0 left on base; Toronto 4 - Boston 11 |
BOTTOM OF THE 7TH |
Boston Red Sox batting - Pitching for Toronto Blue Jays : RHP Armando Guzman
|
Batting: SHB Dave Collins
|
0-0: Ball 1-0: Ball 2-0: Called Strike 2-1: Foul Ball, location: 2F 2-2: Strikes out swinging
|
Batting: RHB Kevin Klettke
|
0-0: Ground out 5-3 (Groundball, 56, EV 82.5 MPH)
|
Batting: SHB Scotti Madison
|
0-0: Ball 1-0: Ball 2-0: Called Strike 2-1: Ball 3-1: Base on Balls
|
Batting: SHB Nelson Norman
|
0-0: Called Strike 0-1: Ball 1-1: Ground out 5-3 (Groundball, 56S, EV 68.8 MPH)
|
Bottom of the 7th over - 0 runs, 0 hits, 0 errors, 1 left on base; Toronto 4 - Boston 11 |
TOP OF THE 8TH |
Toronto Blue Jays batting - Pitching for Boston Red Sox : LHP Victor Rose
|
Batting: RHB Cal Ripken
|
0-0: Ball 1-0: Swinging Strike 1-1: Ball 2-1: Called Strike 2-2: Ground out 4-3 (Groundball, 4, EV 81.3 MPH)
|
Pitching: LHP Dom Chiti
|
|
Batting: RHB Juan Monasterio
|
0-0: Ball 1-0: Called Strike 1-1: Fly out, F8 (Flyball, 78D, EV 85.6 MPH)
|
Batting: RHB Alex Villalobos
|
0-0: Ball 1-0: Ball 2-0: Foul Ball, location: 2F 2-1: SINGLE (Line Drive, 89S, EV 109.4 MPH)
|
Batting: LHB Manny Leal
|
0-0: Ball 1-0: Fly out, F8 (Flyball, 8RXD, EV 101.3 MPH)
|
Top of the 8th over - 0 runs, 1 hit, 0 errors, 1 left on base; Toronto 4 - Boston 11 |
BOTTOM OF THE 8TH |
Boston Red Sox batting - Pitching for Toronto Blue Jays : RHP Armando Guzman
|
Pinch Hitting: RHB Josh Grimes
|
0-0: Called Strike 0-1: Ball 1-1: Fly out, F4 (Popup, 13, EV 84.4 MPH)
|
Batting: SHB Albert Hall
|
0-0: Called Strike 0-1: Swinging Strike 0-2: Foul Ball, location: 2F 0-2: Ball 1-2: Ball 2-2: Strikes out looking
|
Batting: LHB George Brett
|
0-0: Ball 1-0: SOLO HOME RUN (Line Drive, 9D, EV 105.0 MPH), Distance : 414 ft
|
Pitching: RHP Nick Piazza
|
|
Batting: RHB Jeff Burroughs
|
0-0: SINGLE (Line Drive, 9S, EV 106.9 MPH)
|
Batting: LHB Willie Aikens
|
0-0: Ground out 4-3 (Groundball, 34, EV 99.4 MPH)
|
Bottom of the 8th over - 1 run, 2 hits, 0 errors, 1 left on base; Toronto 4 - Boston 12 |
TOP OF THE 9TH |
Toronto Blue Jays batting - Pitching for Boston Red Sox : LHP Dom Chiti
|
Now in LF: Richie Zisk
|
|
Now in CF: Daryl Sconiers
|
|
Batting: LHB Sheldon Mallory
|
0-0: Called Strike 0-1: Called Strike 0-2: Ball 1-2: Ball 2-2: Foul Ball, location: 2F 2-2: Ground out U3 (Groundball, 3L, EV 83.1 MPH)
|
Batting: RHB Jose Gonzalez
|
0-0: Called Strike 0-1: Ball 1-1: Ball 2-1: Ball 3-1: Base on Balls
|
Batting: RHB Andres Galarraga
|
0-0: Ball 1-0: Foul Ball, location: 2F 1-1: Ball 2-1: Fly out, F7 (Flyball, 7LD, EV 93.1 MPH)
|
Batting: RHB Hubie Brooks
|
0-0: Foul Ball, location: 2F 0-1: Foul Ball, location: 2F 0-2: Ball 1-2: Fielders Choice at 2nd, 6-4 (Groundball, 56D, EV 83.1 MPH)
|
Top of the 9th over - 0 runs, 0 hits, 0 errors, 1 left on base; Toronto 4 - Boston 12 |
|